 Dungeon Crawl Stone Soup version 0.30-a0-1053-gbd8d5ba0ad (webtiles) character file.

Game seed: 5579428170297529314

398 Iich the Chopper (level 6, 0/46 (50) HPs)
             Began as a Demonspawn Fighter on Apr 11, 2023.
             Slain by a wight
             ... wielding a +3 falchion of freezing
              (1 damage)
             ... on level 4 of the Dungeon.
             The game lasted 00:03:56 (2671 turns).

Iich the Chopper (Demonspawn Fighter)               Turns: 2671, Time: 00:03:57

HP:   0/46 (50)     AC: 10    Str: 23    XL:     6   Next: 53%
MP:   6/6           EV:  9    Int:  9    God:
Gold: 175           SH:  5    Dex: 20    Spells: 5/5 levels left

rFire   . . .      SeeInvis .    a - +0 war axe
rCold   . . .      Faith    .    c - +0 buckler
rNeg    . . .      Spirit   .    b - +0 scale mail
rPois   .          Reflect  .    (no helmet)
rElec   .          Rampage  .    k - +2 cloak
rCorr   .                        (no gloves)
Will    .....                    m - +0 pair of boots Stlth
                                 (no amulet)
HPRegen 0.27/turn                e - +6 ring of dexterity
MPRegen 0.10/turn                p - +6 ring of strength

@: drained
A: hooves 1, demonic magic 2
a: no special abilities


You were on level 4 of the Dungeon.
You visited 1 branch of the dungeon, and saw 4 of its levels.

You collected 175 gold pieces.

Inventory:

Hand Weapons
 a - a +0 war axe (weapon)
Armour
 b - a +0 scale mail (worn)
 c - a +0 buckler (worn)
 k - a +2 cloak (worn)
 m - a +0 pair of boots (worn)
Jewellery
 e - a +6 ring of dexterity (left hand)
 p - a +6 ring of strength (right hand)
Scrolls
 n - a scroll of poison {unknown}
 o - a scroll of silence {unknown}
 t - a scroll of teleportation
Potions
 d - a potion of might
 f - a potion of curing {unknown}
 g - a potion of invisibility {unknown}
 h - a potion of brilliance {unknown}
 i - a potion of attraction {unknown}
 j - a potion of cancellation
 l - a potion of heal wounds


   Skills:
 + Level 4.9 Fighting
 * Level 5.3 Axes
 - Level 2.6 Armour
 - Level 2.6 Shields


You had 5 spell levels left.
You didn't know any spells.
Your spell library was empty.

Dungeon Overview and Level Annotations

Branches:
Dungeon (4/15)
 Temple: D:4-7

Altars:
Trog
Uskayaw


Innate Abilities, Weirdness & Mutations

You have large cloven feet.
Spells you cast may paralyse nearby enemies.


Message History

Unknown command.
You are too injured to fight recklessly!
You are too injured to fight recklessly!
Unknown command.
You hit the wight but do no damage.
The wight is moderately damaged.
You slash the wight!
You destroy the wight!
The wight closely misses you.
You hit the wight but do no damage.
The wight is moderately damaged.
You hit the wight.
The wight hits you with a +3 falchion of freezing!
The wight freezes you. The wight hits you with a +0 hand axe.
* * * LOW HITPOINT WARNING * * *
You feel drained.
* * * LOW HITPOINT WARNING * * *
You take 15 damage, and have 16/48 hp. !!!!--MASSIVE DAMAGE--!!!!
You slash the wight!
The wight is almost destroyed.
You hit the wight. The wight closely misses you. The wight barely misses you.
You closely miss the wight.
The wight is almost destroyed.
You completely miss the wight. The wight closely misses you.
You block the wight's attack. The wight hits you with a +0 hand axe!
* * * LOW HITPOINT WARNING * * *
You feel drained.
* * * LOW HITPOINT WARNING * * *
The wight hits you with a +3 falchion of freezing.
* * * LOW HITPOINT WARNING * * *
The wight freezes you.
* * * LOW HITPOINT WARNING * * *
You take 10 damage, and have 6/47 hp. !!!!--MASSIVE DAMAGE--!!!!
You closely miss the wight.
The wight is almost destroyed.
You hit the wight.
The wight hits you with a +3 falchion of freezing.
* * * LOW HITPOINT WARNING * * *
You feel drained.
You die...

##.#.##.....##.#.#
#.....##...## # #
#......##.##
#..#.#..#...
#..#.........
##.......##..#
#..........
##..##..... #@)#
..#.< .......zz#
... ##.#.###.# #.
# .. #.. ##. ##


You could see 2 wights.

Vanquished Creatures
  Eustachio (D:4)
  A scorpion (D:4)
  2 wights (D:4)
  2 adders
  3 worms
  2 orcs
  6 bats
  6 endoplasms
  7 giant cockroaches
  4 goblins
  8 hobgoblins
  2 jackals (D:1)
  A quokka (D:2)
  9 ball pythons
  2 frilled lizards (D:1)
  3 kobolds
  9 rats
68 creatures vanquished.

Vanquished Creatures (others)
  3 fungi (D:1)
  A plant (D:1)
4 creatures vanquished.

Grand Total: 72 creatures vanquished

Notes
Turn   | Place    | Note
-------+----------+-------------------------------------------
     0 | D:1      | Iich the Demonspawn Fighter began the quest for the Orb.
     0 | D:1      | Reached XP level 1. HP: 18/18 MP: 1/1
    41 | D:1      | Reached skill level 2 in Axes
    90 | D:1      | Gained mutation: Spells you cast may paralyse adjacent
                  | enemies. [demonic ancestry]
    90 | D:1      | Reached XP level 2. HP: 5/24 MP: 2/2
   303 | D:1      | Found a faded altar of an unknown god.
   823 | D:2      | Gained mutation: Spells you cast may paralyse nearby
                  | enemies. [demonic ancestry]
   823 | D:2      | Reached XP level 3. HP: 25/29 MP: 3/3
   877 | D:2      | Reached skill level 3 in Axes
  1736 | D:3      | Found a hide-covered altar of Uskayaw.
  1992 | D:3      | Gained mutation: You have large cloven feet. [demonic
                  | ancestry]
  1992 | D:3      | Reached XP level 4. HP: 36/37 MP: 4/4
  2275 | D:4      | Noticed Eustachio
  2319 | D:4      | Killed Eustachio
  2320 | D:4      | Reached skill level 4 in Axes
  2320 | D:4      | Reached XP level 5. HP: 12/43 MP: 5/5
  2545 | D:4      | Reached XP level 6. HP: 41/49 MP: 6/6
  2640 | D:4      | Found a bloodstained altar of Trog.
  2665 | D:4      | Reached skill level 5 in Axes
  2671 | D:4      | HP: 1/47 [wight/+3 falchion of freezing (5)]
  2671 | D:4      | Slain by a wight

Illustrated notes

Levels and vault maps discovered:
D:1:      dpeg_arrival_ratfight, layout_basic,
          shapermc_ecumenical_altar_mp_urbaneastern
D:2:      layout_basic, minmay_misc_feat_iff, kennysheep_nub
D:3:      layout_basic, old_standard_altar
D:4:      layout_basic, lemuel_round_altar, mainiacjoe_overflow_alcove_1,
          uniq_eustachio

Skill      XL: |  1  2  3  4  5  6 |
---------------+-------------------+-----
Axes           | 2 3 4 5 |  5.3
Fighting       | 4 |  4.9
Armour         | |  2.6
Shields        | |  2.6

Action                     |  1- 3 |  4- 6 || total
---------------------------+-------+-------++-------
  Melee: War axe           |   131 |    62 ||   193
         Kick              |       |     1 ||     1
    Use: Scroll            |     5 |       ||     5
         Potion            |       |     1 ||     1
 Armour: Scale mail        |    59 |    21 ||    80
  Dodge: Dodged            |    53 |    27 ||    80
  Block: Buckler           |    37 |    13 ||    50

Table legend: (Time is in decaauts)
 A = Elapsed time spent in this place.
 B = Non-inter-level travel time spent in this place.
 C = Inter-level travel time spent in this place.
 D = Time resting spent in this place.
 E = Time spent auto-exploring this place.
 F = Levels seen in this place.
 G = Mean time per level.
                   A        B        C        D        E       F      G
               +--------+--------+--------+--------+--------+-----+--------+
         Total |   2743 |   2663 |     80 |     64 |   2090 |   4 |  685.8 |
       Dungeon |   2743 |   2663 |     80 |     64 |   2090 |   4 |  685.8 |
               +--------+--------+--------+--------+--------+-----+--------+

Top non-repeatable levels by time:
     D:2: 929 daAuts
     D:1: 803 daAuts
     D:3: 588 daAuts
     D:4: 422 daAuts
